Map: Inside and Out

Players

Dolan - Winner!

  • Race: Terran Terran
  • Spawn Location: 7:00

Zain

  • Race: Protoss Protoss
  • Spawn Location: 1:00

Event: DreamHack SC2 Masters 2022 Atlanta (Offline)

VOD

Have the link to the VOD?

Description

Time

  • Played on: Nov. 18, 2022, 10:48 a.m.
  • Length: 6:28

All games in this series

Show
View Real Time Build Order
Export as new Build Order

Dolan Terran - Winner!

Build Orders:  

Get SALT Encoding   

  12  0:01  SCV  
  13  0:13  SCV  
  14  0:18  Supply Depot  
  14  0:26  SCV  
  15  0:41  Barracks  
  15  0:50  Barracks  
  15  1:01  Barracks  
  15  1:05  SCV  
  16  1:17  SCV  
  17  1:20  Refinery  
  17  1:21  Refinery  
  17  1:23  Supply Depot  
  17  1:30  Marine  
  17  1:31  Orbital Command  
  18  1:47  Marine  
  19  1:57  SCV  
  20  2:04  Factory  
  20  2:09  SCV  
  20  2:15  Barracks Reactor  
  21  2:21  SCV  
  22  2:34  Command Center  
  22  2:38  SCV  
  23  2:47  Factory Tech Lab  
  23  2:49  Supply Depot  
  23  2:50  SCV  
  24  2:55  Marine  
  24  2:56  Marine  
  26  3:03  SCV  
  27  3:09  Cyclone  
  30  3:14  Marine  
  30  3:15  Marine  
  32  3:25  Starport  
  32  3:29  SCV  
  32  3:31  Marine  
  32  3:33  Marine  
  35  3:41  SCV  
  35  3:45  Siege Tank  
  39  3:50  Marine  
  39  3:51  Marine  
  39  3:53  SCV  
  42  4:04  Orbital Command  
  42  4:06  Medivac  
  44  4:10  SCV  
  44  4:13  Marine  
  44  4:14  Marine  
  47  4:17  Supply Depot  
  47  4:25  Siege Tank  
  50  4:35  Marine x2  
  52  4:39  Liberator  
  52  4:43  SCV  
  56  4:51  Supply Depot, SCV  
  57  4:55  SCV  
  57  4:56  Marine x2  
  60  5:12  Siege Tank  
  63  5:14  Engineering Bay  
  63  5:21  Marine x2  
  63  5:22  SCV x2  
  67  5:33  Liberator  
  70  6:00  Supply Depot  
  70  6:03  Command Center  
  70  6:12  SCV  
Show
View Real Time Build Order
Export as new Build Order

Zain Protoss 

Build Orders: Colossus Rush 

Get SALT Encoding   

  12  0:00  Probe  
  13  0:12  Probe  
  14  0:18  Pylon  
  14  0:24  Probe  
  15  0:37  Gateway  
  15  0:39  Probe (Chrono Boost)  
  16  0:49  Probe (Chrono Boost)  
  17  0:50  Assimilator  
  17  0:54  Probe (Chrono Boost)  
  18  1:05  Probe  
  19  1:17  Probe  
  20  1:26  Cybernetics Core  
  20  1:27  Zealot  
  20  1:30  Probe  
  23  1:34  Pylon  
  23  1:52  Probe  
  24  1:54  Forge  
  24  2:01  Stalker (Chrono Boost)  
  26  2:04  Shield Battery  
  26  2:05  Shield Battery  
  26  2:06  Shield Battery  
  26  2:10  Pylon  
  26  2:23  Stalker  
  26  2:27  Shield Battery  
  28  2:32  Photon Cannon  
  28  2:33  Probe  
  29  2:45  Probe  
  33  2:58  Probe  
  33  3:07  Sentry  
  33  3:09  Nexus  
  33  3:10  Probe  
  34  3:17  Assimilator  
  34  3:23  Probe  
  35  3:27  Robotics Facility  
  35  3:35  Probe  
  35  3:39  Pylon  
  36  3:47  Probe  
  37  3:51  Warp Gate (Chrono Boost), Pylon  
  37  3:58  Gateway  
  37  4:00  Probe  
  37  4:13  Probe  
  37  4:14  Robotics Bay  
  38  4:20  Warp Prism (Chrono Boost)  
  40  4:26  Probe  
  41  4:33  Probe  
  40  4:38  Probe  
  40  4:44  Gateway  
  39  4:45  Probe  
  39  4:50  Probe  
  41  4:57  Probe  
  46  5:02  Colossus (Chrono Boost), Probe  
  49  5:10  Probe  
  50  5:14  Gateway, Probe  
  50  5:19  Pylon  
  51  5:22  Probe  
  51  5:27  Probe, Gateway  
  53  5:30  Shield Battery  
  53  5:33  Photon Cannon  
  53  5:34  Sentry  
  53  5:35  Sentry  
  57  5:41  Assimilator  
  57  5:43  Assimilator  
  57  5:46  Pylon  
  57  5:59  Adept x2, Shield Battery  
  61  6:07  Cybernetics Core  
  61  6:08  Gateway  
Tags
 
Add a new tag
Caveats
  • Supply blocks, unpowered buildings, or Contaminate may cause inaccurate times.
  • Supply counts are checked every 10 seconds.